 Dungeon Crawl Stone Soup version 0.30-a0-241-g1121274140 (webtiles) character file.

Game seed: 4975838229276643888

179 Lobster4 the Shooter (level 5, 0/31 HPs)
             Began as a Deep Elf Hunter on Oct 10, 2022.
             Was an Initiate of Fedhas.
             Slain by a necrophage (6 damage)
             ... on level 5 of the Dungeon.
             The game lasted 00:07:30 (3179 turns).

Lobster4 the Shooter (Deep Elf Hunter)              Turns: 3179, Time: 00:07:30

Health: 0/31       AC:  7    Str:  8    XL:     5   Next: 33%
Magic:  7/7        EV: 11    Int: 14    God:    Fedhas [......]
Gold:   138        SH:  0    Dex: 20    Spells: 4/4 levels left

rFire   . . .      SeeInvis .    a - +0 shortbow
rCold   + . .      Faith    .    (shield currently unavailable)
rNeg    . . .      Spirit   .    d - +0 ring mail
rPois   .          Reflect  .    q - +1 hat
rElec   .          Harm     .    (no cloak)
rCorr   .          Rampage  .    (no gloves)
Will    .....                    s - +0 pair of boots
Stlth   ++........               (no amulet)
HPRegen 0.25/turn                f - ring of protection from cold
MPRegen 0.10/turn                (no ring)

@: no status effects
A: no striking features
a: Renounce Religion


You were on level 5 of the Dungeon.
You worshipped Fedhas.
Fedhas was noncommittal.
You visited 2 branches of the dungeon, and saw 6 of its levels.

You collected 138 gold pieces.

Inventory:

Hand Weapons
 a - a +0 shortbow (weapon)
 b - a +2 vorpal quarterstaff
 l - a +0 dagger
 u - a +2 dagger of electrocution
Missiles
 g - 8 stones
 t - 3 javelins
Armour
 c - a +0 leather armour
 d - a +0 ring mail (worn)
 q - a +1 hat (worn)
 s - a +0 pair of boots (worn)
Jewellery
 f - a ring of protection from cold (left hand)
Scrolls
 e - a scroll of vulnerability {unknown}
 h - 3 scrolls of identify
 i - a scroll of immolation
 j - a scroll of teleportation
 k - a scroll of noise {unknown}
 m - 2 scrolls of enchant weapon {unknown}
 o - a scroll of butterflies {unknown}
 r - a scroll of poison {unknown}
Potions
 n - 2 potions of might
 p - a potion of haste


   Skills:
 + Level 2.4 Fighting
 - Level 1.0 Staves
 + Level 6.2 Ranged Weapons
 + Level 1.6 Armour
 + Level 3.8 Dodging
 - Level 2.0 Stealth
 + Level 0.6 Invocations


You had 4 spell levels left.
You didn't know any spells.
Your spell library was empty.

Dungeon Overview and Level Annotations

Branches:
Dungeon (4/15)             Temple (1/1) D:4

Altars:
Ashenzari
Cheibriados
Dithmenos
Fedhas
Gozag
Hepliaklqana
Kikubaaqudgha
Nemelex Xobeh
Okawaru
Qazlal
Trog
Xom
Yredelemnul
The Shining One

Shops:
D:3 (

Annotations:
D:4 Sigmund


Message History

You are too injured to fight recklessly!
You are too injured to fight recklessly!
Okay, then.
As you read the scroll of teleportation, it crumbles to dust.
You feel strangely unstable.
An orc comes into view. It is wielding a +0 dagger.
Your surroundings suddenly seem different.
A necrophage comes into view.
Found a leather armour.
Found a stone staircase leading down.
Fire: a) +0 shortbow
Press: ? - help, Q - select action, (/) - cycle Shift-Dir - straight line, f - necrophage
Aim: a necrophage (66% to hit)
You shoot an arrow. The arrow hits the necrophage.
The necrophage is lightly damaged.
Fire: a) +0 shortbow
Press: ? - help, Q - select action, (/) - cycle Shift-Dir - straight line, f/p - necrophage
Aim: a necrophage (lightly damaged, 66% to hit)
You shoot an arrow. The arrow hits the necrophage.
The necrophage is moderately damaged.
Fire: a) +0 shortbow
Press: ? - help, Q - select action, (/) - cycle Shift-Dir - straight line, f/p - necrophage
Aim: a necrophage (moderately damaged, 66% to hit)
You shoot an arrow. The arrow hits the necrophage.
The necrophage is heavily damaged.
Fire: a) +0 shortbow
Press: ? - help, Q - select action, (/) - cycle Shift-Dir - straight line, f/p - necrophage
Aim: a necrophage (heavily damaged, 66% to hit)
You shoot an arrow.
The arrow hits the necrophage but does no damage.
The necrophage is heavily damaged.
The necrophage hits you but does no damage.
Fire: a) +0 shortbow
Press: ? - help, Q - select action, (/) - cycle Shift-Dir - straight line, f/p - necrophage
Aim: a necrophage (heavily damaged, 66% to hit)
You shoot an arrow.
The arrow hits the necrophage but does no damage.
The necrophage is heavily damaged.
The necrophage barely misses you. The necrophage hits you.
You die...
Fedhas appreciates your contribution to the ecosystem.

##.... .
#...... #.
......[ #..
....... #...
##.......
#....##......
#......n.#
#....@.#
###...##
###.. ##..
... ...>
..... 8.....


You could see a necrophage.

Vanquished Creatures
  A hound (D:3)
  An orc priest (D:3)
  5 adders
  A white imp (D:4)
  An ufetubus (D:3)
  A worm (D:3)
  2 dart slugs
  7 orcs
  10 ball pythons
  A giant cockroach (D:1)
  6 goblins
  3 hobgoblins
  3 jackals (D:1)
  A quokka (D:2)
  4 bats
  4 frilled lizards
  2 kobolds (D:1)
  3 rats
56 creatures vanquished.

Notes
Turn   | Place    | Note
-------+----------+-------------------------------------------
     0 | D:1      | Lobster4 the Deep Elf Hunter began the quest for the Orb.
     0 | D:1      | Reached XP level 1. HP: 12/12 MP: 3/3
   296 | D:1      | Reached XP level 2. HP: 14/17 MP: 4/4
  1021 | D:2      | Reached XP level 3. HP: 13/21 MP: 5/5
  1567 | D:3      | Found a snail-covered altar of Cheibriados.
  1649 | D:3      | Reached skill level 1 in Armour
  1882 | D:3      | Reached skill level 1 in Staves
  1882 | D:3      | Reached XP level 4. HP: 26/26 MP: 6/6
  2069 | D:3      | Found Xepunt's Weapon Boutique.
  2393 | D:3      | Reached skill level 6 in Ranged Weapons
  2400 | D:3      | Found a glowing golden altar of the Shining One.
  2592 | D:4      | Noticed Sigmund
  2673 | D:4      | Found a staircase to the Ecumenical Temple.
  2688 | Temple   | Entered the Ecumenical Temple
  2862 | Temple   | Became a worshipper of Fedhas Madash
  3037 | D:3      | Reached XP level 5. HP: 16/31 MP: 7/7
  3143 | D:4      | You fall into a shaft and drop 1 floor!
  3143 | D:5      | Entered Level 5 of the Dungeon
  3179 | D:5      | Slain by a necrophage

Illustrated notes

Levels and vault maps discovered:
D:1:      lemuel_arrival_funnel, layout_loops_ring
D:2:      layout_basic, grunt_ministairs_15
D:3:      layout_basic, nicolae_tso_carved_into_rock,
          mainiacjoe_overflow_catwalk, serial_shops,
          nicolae_shop_advertising_works [nicolae_subvault_shop_adworks]
D:4:      old_forge, layout_basic, nzn_wu_jian_contemplation,
          minmay_temple_entry_trees, ebering_ghost_sewer_d, uniq_sigmund
D:5:      layout_cave_pools, nicolae_uskayaw_dance_hall, uniq_grinder
Temple:   minmay_temple_bridge_abc

Skill      XL: |  1  2  3  4 |
---------------+-------------+-----
Stealth        | 2 |  2.0
Dodging        | 3 |  3.8
Fighting       | 2 |  2.4
Armour         | 1 |  1.6
Staves         | 1 |  1.0
Ranged Weapons | 6 |  6.2
Invocations    | |  0.6

Action                   |  1- 3 |  4- 6 || total
-------------------------+-------+-------++-------
Melee: Quarterstaff      |     1 |     5 ||     6
 Fire: Shortbow          |    91 |    70 ||   161
  Use: Scroll            |     1 |     4 ||     5
Armor: Ring mail         |    19 |    23 ||    42
Dodge: Dodged            |    22 |    34 ||    56

Table legend: (Time is in decaauts)
 A = Elapsed time spent in this place.
 B = Non-inter-level travel time spent in this place.
 C = Inter-level travel time spent in this place.
 D = Time resting spent in this place.
 E = Time spent auto-exploring this place.
 F = Levels seen in this place.
 G = Mean time per level.
                   A        B        C        D        E       F      G
               +--------+--------+--------+--------+--------+-----+--------+
         Total |   3246 |   2949 |    297 |    151 |   2309 |   6 |  541.0 |
       Dungeon |   3048 |   2773 |    275 |    151 |   2142 |   5 |  609.6 |
        Temple |    197 |    175 |     22 |      0 |    167 |   1 |  197.0 |
               +--------+--------+--------+--------+--------+-----+--------+

Top non-repeatable levels by time:
     D:3: 1277 daAuts
     D:2: 894 daAuts
     D:1: 681 daAuts
  Temple: 197 daAuts
     D:4: 154 daAuts
     D:5: 40 daAuts
